 Dungeon Crawl Stone Soup version 0.29.1-2-gbd0b4ee654 (webtiles) character file.

Game seed: 15067548580178272091

25951 xian the Schismatic (level 12, 0/95 HPs)
             Began as a Demonspawn Abyssal Knight on Nov 4, 2022.
             Was an Elder of Lugonu.
             Slain by a death yak (5 damage)
             ... on level 5 of the Lair of Beasts.
             The game lasted 00:43:15 (11960 turns).

xian the Schismatic (Demonspawn Abyssal Knight)    Turns: 11960, Time: 00:43:16

Health: 0/95       AC: 25    Str: 26    XL:     12   Next: 94%
Magic:  0/21       EV:  7    Int: 19    God:    Lugonu [****..]
Gold:   658        SH:  9    Dex: 13    Spells: 11/11 levels left

rFire   x . .      SeeInvis +   J - +4 falchion of Buhooxaso {protect, Str+8 SInv Stlth-}
rCold   + + .      Faith    .   P - +0 kite shield
rNeg    . . .      Spirit   +   l - +0 plate armour
rPois   .          Reflect  .   (no helmet)
rElec   .          Harm     .   K - +0 cloak
rCorr   .          Rampage  .   q - +2 pair of gloves {infuse}
Will    .....                   (no boots)
Stlth   ..........              d - amulet of regeneration
HPRegen 1.05/turn               C - ring of protection from cold
MPRegen 0.34/turn               O - ring of ice

@: under a protective aura, hasted, very quick
A: powered by death 2, magic shield, magic regeneration, big brain 3, demonic
touch 2
a: Renounce Religion, Depart the Abyss, Bend Space, Banish, Corrupt


You were on level 5 of the Lair of Beasts.
You worshipped Lugonu.
Lugonu was greatly pleased with you.
You visited 2 branches of the dungeon, and saw 14 of its levels.
You visited the Abyss 1 time.

You collected 908 gold pieces.
You spent 250 gold pieces at shops.

Inventory:

Hand Weapons
 a - a +1 hand axe of venom
 A - a +4 war axe of protection
 J - the +4 falchion of Buhooxaso (weapon) {protect, Str+8 SInv Stlth-}
   (You found it on level 8 of the Dungeon)

   It grants its wielder temporary protection when it strikes (+7 to AC).
   Str:       It affects your strength (+8).
   SInv:      It lets you see invisible.
   Stlth:     It makes you less stealthy.
 L - the +5 spear of the Lumpy Blessings {venom, *Corrode Int+4 Dex+4}
   (You found it on level 8 of the Dungeon)

   It poisons the flesh of those it strikes.
   Int:       It affects your intelligence (+4).
   Dex:       It affects your dexterity (+4).
   *Corrode:  It may corrode you when you take damage.
Missiles
 f - 9 boomerangs
 w - 3 throwing nets
 z - 16 poisoned darts
 N - 3 curare-tipped darts (quivered)
Armour
 g - an orb of energy
 h - the +1 ring mail "Idah" {rPois rN+ Dex-2 Stlth+}
   (You found it on level 2 of the Dungeon)

   Dex:       It affects your dexterity (-2).
   rPois:     It protects you from poison.
   rN:        It protects you from negative energy.
   Stlth:     It makes you more stealthy.
 l - a +0 plate armour (worn)
 q - a +2 pair of gloves of infusion (worn)
 E - a scarf of repulsion
 K - a +0 cloak (worn)
 P - a +0 kite shield (worn)
Jewellery
 d - an amulet of regeneration (around neck)
 C - a ring of protection from cold (left hand)
 O - a ring of ice (right hand)
Wands
 o - a wand of iceblast (24)
 p - a wand of polymorph (16)
 G - a wand of mindburst (26)
Scrolls
 b - 2 scrolls of immolation
 e - 3 scrolls of poison
 i - a scroll of summoning
 j - a scroll of brand weapon
 r - a scroll of amnesia
 s - 3 scrolls of magic mapping
 u - a scroll of fear
 v - a scroll of enchant weapon
 x - a scroll of blinking
 y - a scroll of torment
 B - 3 scrolls of enchant armour
 M - 3 scrolls of fog
Potions
 k - a potion of brilliance
 m - 3 potions of mutation
 H - a potion of cancellation
 Q - a potion of magic {unknown}
 S - a potion of berserk rage {unknown}


   Skills:
 + Level 9.1 Fighting
 + Level 10.0 Long Blades
 + Level 6.8 Axes
 + Level 0.1 Throwing
 + Level 8.8 Armour
 + Level 4.3 Dodging
 + Level 2.2 Stealth
 + Level 6.0 Shields
 * Level 12.6 Invocations


You had 11 spell levels left.
You didn't know any spells.
Your spell library contained the following spells:

 Spells                   Type           Power      Damage    Failure   Level
 Beastly Appendage        Tmut           0%         N/A       89%         1
 Blink                    Tloc           0%         N/A       96%         2
 Wereblood                Tmut           0%         N/A       96%         2
 Dazzling Flash           Conj/Hex       0%         N/A       99%         3
 Spider Form              Tmut/Pois      0%         N/A       99%         3
 Iskenderun's Mystic Bla  Conj/Tloc      0%         2d3       100%        4
 Blade Hands              Tmut           0%         N/A       100%        5
 Irradiate                Conj/Tmut      0%         3d11      100%        5
 Manifold Assault         Tloc           0%         N/A       100%        5
 Starburst                Conj/Fire      0%         6d3       100%        6
 Dragon Form              Tmut           0%         N/A       100%        7
 Storm Form               Tmut/Air       0%         N/A       100%        7


Dungeon Overview and Level Annotations

Branches:
Dungeon (10/15)            Temple (0/1) D:4            Lair (3/5) D:9
 Shoals (0/4) Lair:2        Snake (0/4) Lair:3          Orc (0/2) D:9

Altars:
Cheibriados
Makhleb
Nemelex Xobeh
Qazlal
Ru
Trog
Uskayaw
Vehumet
Wu Jian
Xom

Shops:
D:5 **   D:6 (   D:10 :

Annotations:
Lair:3 exclusion: oklob plant
Abyss:1 DemonSlayer's ghost, journeyman DsFE; Erica; Gastronok; Urug


Innate Abilities, Weirdness & Mutations

You regenerate health from kills.
When hurt, damage is shared between your health and your magic reserves.
You regenerate magic rapidly.
You have an absolutely massive brain. (Int +6, Wiz)
Your touch may inflict irresistible damage on your foes.


Message History

You slash the death yak!
The death yak is moderately wounded.
The death yak barely misses you.
You hit the death yak but do no damage.
The death yak is moderately wounded.
The death yak barely misses you.
You slash the death yak!
The death yak is moderately wounded.
You hit the death yak but do no damage.
The death yak is moderately wounded.
The death yak gores you!
* * * LOW HITPOINT WARNING * * *
You hit the death yak but do no damage.
The death yak is moderately wounded.
A water moccasin comes into view.
The death yak gores you.
* * * LOW HITPOINT WARNING * * *
The water moccasin hisses angrily.
You hit the death yak but do no damage.
The death yak is moderately wounded.
You slash the death yak!
The death yak is heavily wounded.
The death yak gores you but does no damage.
You barely miss the death yak.
The death yak is heavily wounded.
A cane toad comes into view.
You feel better.
The death yak gores you but does no damage.
You slash the death yak!
The death yak is heavily wounded.
The death yak gores you!
* * * LOW HITPOINT WARNING * * *
Unknown command.
You hit the death yak.
The death yak is heavily wounded.
Unknown command.
You slash the death yak!
The death yak is severely wounded.
The death yak gores you.
You die...

###F..#....P#.....P###
#.##....P..##......#P#
'_.#.§..P..........P.#
#.##..##....##......##
###..P# #....#.F....#
# #..P.. #...##....##
# #...l..##. #.S..#
...P....# ##Y†##
#........S# #@.#
...###....S #### #.#.
##...


You could see a death yak, a cane toad and a water moccasin.

Vanquished Creatures
  3 death yaks (Lair:3)
  A two-headed ogre (D:9)
  A manticore (Lair:2)
  4 cane toads
  A gargoyle (D:10)
  7 komodo dragons
  3 rime drakes
  6 polar bears
  A wind drake (Lair:2)
  4 blink frogs (Lair:1)
  2 centaur simulacra (D:10)
  A wyvern (Lair:5)
  2 basilisks
  43 yaks
  A steam dragon (D:8)
  Menkaure (D:7)
  An acid dragon (D:10)
  Duvessa (D:5)
  7 water moccasins
  A black bear (D:5)
  2 ice beasts
  2 ogres
  15 wolves
  3 centaurs (D:9)
  2 kobold brigands
  11 bullfrogs
  A necrophage (D:6)
  A gnoll sergeant (D:9)
  2 scorpions
  3 wights (D:7)
  Dowan (D:5)
  2 electric eels (D:10)
  A howler monkey (D:4)
  A crimson imp (D:8)
  A jelly (D:3)
  4 orc priests
  5 hounds
  An iguana (D:7)
  9 orc wizards
  8 gnolls
  9 adders
  4 white imps
  A howler monkey simulacrum (D:10)
  2 ufetubi
  2 worms
  A dart slug (D:5)
  21 orcs
  5 endoplasms
  A giant cockroach (D:1)
  4 hobgoblins
  8 jackals
  3 quokkas
  3 training dummies (D:6)
  3 ball pythons
  5 bats
  2 frilled lizards (D:1)
  9 goblins
  16 kobolds
  6 rats
271 creatures vanquished.

Vanquished Creatures (others)
  A dancing weapon (Lair:5)
  29 fungi
  34 plants
64 creatures vanquished.

Grand Total: 335 creatures vanquished

Notes
Turn   | Place    | Note
-------+----------+-------------------------------------------
     0 | Abyss:1  | xian the Demonspawn Abyssal Knight began the quest for the
                  | Orb.
     0 | Abyss:1  | Reached XP level 1. HP: 18/18 MP: 2/2
     1 | D:1      | Escaped the Abyss
   119 | D:1      | Found a faded altar of an unknown god.
   329 | D:1      | Gained mutation: You have an unusually large brain. (Int
                  | +2) [demonic ancestry]
   329 | D:1      | Reached XP level 2. HP: 24/24 MP: 3/3
   597 | D:2      | Reached skill level 1 in Dodging
   609 | D:2      | Identified the +1 ring mail "Idah" {rPois rN+ Dex-2 Stlth+}
  1027 | D:2      | Gained mutation: You regenerate magic rapidly. [demonic
                  | ancestry]
  1027 | D:2      | Reached XP level 3. HP: 29/29 MP: 4/4
  1078 | D:3      | Reached *** piety under Lugonu
  1235 | D:3      | Found a radiant altar of Vehumet.
  1406 | D:3      | Gained mutation: You regenerate a little health from kills.
                  | [demonic ancestry]
  1406 | D:3      | Reached XP level 4. HP: 18/35 MP: 5/5
  1777 | D:4      | Gained mutation: Your touch may inflict minor irresistible
                  | damage on your foes. [demonic ancestry]
  1777 | D:4      | Reached XP level 5. HP: 37/41 MP: 6/6
  2048 | D:4      | Found a staircase to the Ecumenical Temple.
  2191 | D:4      | Noticed an ogre
  2196 | D:4      | Killed an ogre
  2197 | D:4      | Gained mutation: You have an extremely huge brain. (Int +4)
                  | [demonic ancestry]
  2197 | D:4      | Reached XP level 6. HP: 48/48 MP: 7/7
  2317 | D:5      | Entered Level 5 of the Dungeon
  2317 | D:5      | Noticed Duvessa
  2329 | D:5      | Noticed Dowan
  2331 | D:5      | Noticed a water moccasin
  2342 | D:5      | Killed Duvessa
  2343 | D:5      | Reached skill level 3 in Invocations
  2353 | D:5      | Killed a water moccasin
  2354 | D:5      | Reached skill level 1 in Stealth
  2354 | D:5      | Gained mutation: Your touch may inflict irresistible damage
                  | on your foes. [demonic ancestry]
  2354 | D:5      | Reached XP level 7. HP: 25/55 MP: 9/9
  2397 | D:5      | Killed Dowan
  2469 | D:5      | Found an ornate altar of the Wu Jian Council.
  2569 | D:5      | Found Oviollay's General Store.
  2581 | D:5      | Bought a +1 pair of gloves of infusion for 214 gold pieces
  2633 | D:5      | Reached skill level 4 in Invocations
  2845 | D:5      | Found Hootos's Serpentskin Sales.
  2855 | D:5      | Reached skill level 5 in Axes
  3062 | D:5      | Reached XP level 8. HP: 61/61 MP: 7/11
  3414 | D:6      | Reached **** piety under Lugonu
  3612 | D:6      | Found Abafessi's Firing Range.
  3617 | D:6      | Bought a throwing net for 36 gold pieces
  3883 | D:6      | Reached skill level 5 in Invocations
  4004 | D:7      | Noticed Menkaure
  4009 | D:7      | Killed Menkaure
  4042 | D:7      | Reached skill level 5 in Fighting
  4305 | D:7      | Reached skill level 5 in Armour
  4308 | D:7      | Found a sacrificial altar of Ru.
  4535 | D:7      | Noticed a komodo dragon
  4538 | D:7      | Found a stormy altar of Qazlal.
  4546 | D:7      | HP: 2/62 [komodo dragon (14)]
  4547 | D:7      | Killed a komodo dragon
  4548 | D:7      | Reached skill level 6 in Invocations
  4846 | D:8      | Found a snail-covered altar of Cheibriados.
  4848 | D:8      | Identified the +4 falchion of Buhooxaso {protect, Str+8
                  | SInv Stlth-}
  4909 | D:8      | Reached XP level 9. HP: 51/68 MP: 9/13
  5360 | D:8      | Identified the +5 spear of the Lumpy Blessings {venom,
                  | *Corrode Int+4 Dex+4}
  5544 | D:9      | Found a staircase to the Orcish Mines.
  5689 | D:9      | Noticed a two-headed ogre
  5693 | D:9      | Reached skill level 1 in Long Blades
  5701 | D:9      | HP: 1/68 [two-headed ogre/+0 giant spiked club (11)]
  5783 | D:9      | Noticed Erica
  5785 | D:9      | Banished Erica
  5786 | D:9      | Reached skill level 7 in Invocations
  5929 | D:9      | Found a staircase to the Lair.
  5956 | D:9      | Killed a two-headed ogre
  5957 | D:9      | Reached skill level 1 in Shields
  6201 | D:9      | Gained mutation: You regenerate health from kills. [demonic
                  | ancestry]
  6201 | D:9      | Reached XP level 10. HP: 59/76 MP: 10/15
  6212 | D:9      | Reached skill level 5 in Long Blades
  6708 | D:10     | Entered Level 10 of the Dungeon
  6712 | D:10     | Noticed a gargoyle
  6736 | D:10     | Killed a gargoyle
  6888 | D:10     | Reached skill level 8 in Invocations
  7030 | D:10     | Found a bloodstained altar of Trog.
  7431 | D:10     | Found a sparkling altar of Nemelex Xobeh.
  7511 | D:10     | Reached skill level 9 in Invocations
  7520 | D:10     | Gained mutation: You have an absolutely massive brain. (Int
                  | +6, Wiz) [demonic ancestry]
  7520 | D:10     | Reached XP level 11. HP: 41/84 MP: 2/17
  7669 | D:10     | Found a hide-covered altar of Uskayaw.
  7700 | D:10     | Found Bauqoafi's Book Shop.
  7840 | D:10     | Found a burning altar of Makhleb.
  7842 | D:10     | Noticed a blizzard demon
  7961 | Lair:1   | Entered Level 1 of the Lair of Beasts
  8084 | Lair:1   | Reached ***** piety under Lugonu
  8280 | Lair:1   | HP: 2/84 [yak (7)]
  8731 | Lair:1   | Noticed Urug
  8782 | Lair:1   | Banished Urug
  8963 | Lair:1   | Reached skill level 10 in Invocations
  9633 | Lair:2   | Noticed Gastronok
  9637 | Lair:2   | Banished Gastronok
  9768 | Lair:2   | Noticed a four-headed hydra
  9795 | Lair:2   | Banished a seven-headed hydra
  9948 | Lair:2   | Gained mutation: When hurt, damage is shared between your
                  | health and your magic reserves. [demonic ancestry]
  9948 | Lair:2   | Reached XP level 12. HP: 94/94 MP: 13/20
  9966 | Lair:2   | Found a staircase to the Shoals.
 10133 | Lair:2   | Reached skill level 11 in Invocations
 10251 | Lair:2   | HP: 1/94 [yak (9)]
 10860 | Lair:3   | Found a staircase to the Snake Pit.
 11170 | Lair:3   | Noticed a catoblepas
 11171 | Lair:3   | Banished a catoblepas
 11250 | Lair:3   | Reached skill level 5 in Shields
 11530 | Lair:3   | Noticed a death yak
 11542 | Lair:3   | Noticed a death yak
 11546 | Lair:3   | Noticed a death yak
 11579 | Lair:3   | Killed a death yak
 11586 | Lair:3   | Killed a death yak
 11587 | Lair:3   | Reached skill level 12 in Invocations
 11598 | Lair:3   | Killed a death yak
 11714 | Lair:3   | You fall into a shaft and drop 2 floors!
 11714 | Lair:5   | Entered Level 5 of the Lair of Beasts
 11714 | Lair:5   | Noticed DemonSlayer's ghost (journeyman DsFE)
 11714 | Lair:5   | Found a runed translucent door.
 11714 | Lair:5   | Found a shimmering altar of Xom.
 11804 | Lair:5   | Banished DemonSlayer's ghost
 11878 | Lair:5   | Reached skill level 10 in Long Blades
 11882 | Lair:5   | Noticed a death yak
 11882 | Lair:5   | Noticed a death yak
 11884 | Lair:5   | Noticed a death yak
 11904 | Lair:5   | Noticed a death yak
 11919 | Lair:5   | Banished a death yak
 11953 | Lair:5   | HP: 3/95 [death yak (4)]
 11958 | Lair:5   | HP: 4/95 [death yak (8)]
 11960 | Lair:5   | Slain by a death yak

Illustrated notes

Levels and vault maps discovered:
D:1:      dpeg_arrival_ternary, layout_rooms, shapermc_ecumenical_altar_pompeii
D:2:      layout_rooms, minmay_misc_feat_hallway, hangedman_decor_opposing,
          nicolae_concentric_dashed_squares_wild
D:3:      layout_loops_ring, mainiacjoe_overflow_catwalk,
          kennysheep_nondescript, grunt_ministairs_2
D:4:      layout_basic, minmay_temple_entry_enclosed_plants
D:5:      layout_basic, pdpol_wu_jian_five_deadly_venoms, serial_shops,
          nicolae_stop_n_shop_1, guppyfry_shop_venom, uniq_duvessa
D:6:      layout_rooms, minmay_misc_feat_pillars, nicolae_shop_firing_range
D:7:      layout_loops_ring, mainiacjoe_overflow_chevrons,
          mainiacjoe_overflow_tiny_flanked, minmay_misc_feat_tower,
          uniq_menkaure
D:8:      layout_loops_cross, lemuel_tele_altar, minmay_fire_ice_demons
D:9:      layout_roguey, lair_entry_dummy, orc_0_dummy, roderic_lattice_a,
          kennysheep_decorative_pillar, uniq_erica
D:10:     layout_long_grid, mainiacjoe_overflow_boulevard,
          kennysheep_little_box, makhleb_altar_promises_db, trog_hazing_becter,
          serial_shops, nicolae_square_shop, serial_ice, serial_ice_g,
          serial_ice_k, serial_ice_o, serial_ice_m
Lair:1:   layout_cave_pods, uniq_urug
Lair:2:   layout_roguey, minmay_shoals_entry_beasts, st_stairs_5, uniq_gastronok
Lair:3:   layout_concentric_octagons, minmay_snake_entry_spellcaster,
          lemuel_fruit_fields, serial_bayou_shore_a
Lair:5:   hangedman_lair_tendril_chambers, layout_cave_pods,
          guppyfry_lair_end_dragon, ebering_ghost_xom, gauntlet_entry_generic

Skill      XL: |  1  2  3  4  5  6  7  8  9 10 11 12 |
---------------+-------------------------------------+-----
Axes           | 2 3 4 5 6 |  6.8
Dodging        | 1 2 3 4 |  4.3
Armour         | 2 3 4 5 6 7 8 |  8.8
Fighting       | 4 5 6 7 8 9 |  9.1
Invocations    | 3 4 6 7 9 10 12 | 12.6
Stealth        | 1 2 |  2.2
Long Blades    | 4 7 8 10 | 10.0
Shields        | 1 2 4 6 |  6.0
Throwing       | |  0.1

Action                   |  1- 3 |  4- 6 |  7- 9 | 10-12 || total
-------------------------+-------+-------+-------+-------++-------
Melee: Hand axe          |   111 |   109 |   142 |       ||   362
       Punch             |       |     1 |     4 |       ||     5
       Touch             |       |     6 |    23 |       ||    29
       Falchion          |       |       |   108 |  1031 ||  1139
Throw: Dart              |       |       |     2 |       ||     2
Invok: Banish            |       |       |     2 |    10 ||    12
  Use: Scroll            |     4 |     2 |     7 |    13 ||    26
       Potion            |       |     4 |     1 |    16 ||    21
 Stab: Sleeping          |     1 |     1 |     1 |       ||     3
Armor: Leather armour    |    33 |       |       |       ||    33
       Ring mail         |    33 |    52 |    52 |       ||   137
       Plate armour      |       |       |    96 |   750 ||   846
Dodge: Dodged            |   104 |    55 |   129 |   355 ||   643
       Repelled          |       |       |     1 |     5 ||     6
Block: Buckler           |       |       |    20 |     8 ||    28
       Kite shield       |       |       |       |   466 ||   466
